[Event "Petrov Memorial Rapid"]
[Site "Jurmala"]
[Date "2015.03.07"]
[Round "4"]
[White "Karjakin, Sergey"]
[Black "Schlosser, Philipp"]
[Result "1-0"]
[ECO "C88"]
[WhiteElo "2757"]
[BlackElo "2571"]
[Annotator "Robot 8"]
[PlyCount "45"]
[EventDate "2015.??.??"]
[EventCountry "LAT"]
[TimeControl "900+6"]

1. e4 e5 2. Nf3 Nc6 3. Bb5 a6 4. Ba4 Nf6 5. O-O Be7 6. Re1 b5 7. Bb3 O-O 8. a4
b4 9. d3 d6 10. Nbd2 Na5 11. Ba2 c5 12. c3 Rb8 13. Nc4 bxc3 14. bxc3 Bd7 15.
Qc2 Nxc4 16. Bxc4 Qc8 17. Qa2 Bg4 18. Ng5 Bh5 19. Re3 h6 20. Ne6 Re8 21. Rg3
Bg6 22. Nxg7 d5 23. Nxe8 1-0

[Event "Petrov Memorial Rapid"]
[Site "Jurmala"]
[Date "2015.03.07"]
[Round "4"]
[White "Dobrov, Vladimir"]
[Black "Novikov, Stanislav"]
[Result "1-0"]
[ECO "E62"]
[WhiteElo "2490"]
[BlackElo "2550"]
[Annotator "Robot 8"]
[PlyCount "49"]
[EventDate "2015.??.??"]
[EventCountry "LAT"]
[TimeControl "900+6"]

1. Nf3 g6 2. d4 Bg7 3. c4 d6 4. Nc3 Nf6 5. g3 O-O 6. Bg2 c6 7. O-O Qb6 8. e3
Bg4 9. b3 c5 10. Bb2 a6 11. h3 Bxf3 12. Qxf3 Nc6 13. Na4 Qa7 14. dxc5 dxc5 15.
Ba3 Nd7 16. Rad1 Rad8 17. Qe2 Nb4 18. Qd2 a5 19. Bb2 Bxb2 20. Qxb2 Nb6 21. Qe5
Nxa4 22. Rxd8 Rxd8 23. Qxe7 Qb6 24. bxa4 Nxa2 25. Bd5 1-0

[Event "Petrov Memorial Rapid"]
[Site "Jurmala"]
[Date "2015.03.07"]
[Round "4"]
[White "Fedoseev, Vladimir"]
[Black "Mamedyarov, Shakhriyar"]
[Result "0-1"]
[ECO "A50"]
[WhiteElo "2674"]
[BlackElo "2756"]
[Annotator "Robot 8"]
[PlyCount "66"]
[EventDate "2015.??.??"]
[EventCountry "LAT"]
[TimeControl "900+6"]

1. d4 Nf6 2. c4 b6 3. f3 Bb7 4. e4 e6 5. Bd3 d5 6. cxd5 exd5 7. e5 Nfd7 8. f4
c5 9. Nf3 Nc6 10. O-O Be7 11. Be3 O-O 12. Nc3 cxd4 13. Nxd4 Nc5 14. Bc2 Nxd4
15. Bxd4 f5 16. Kh1 Rc8 17. g4 Ne6 18. Bxf5 Nxd4 19. Qxd4 Rc4 20. Qd3 Kh8 21.
Rad1 Bc5 22. Ne2 g6 23. Be6 Rc2 24. Nd4 Rxb2 25. Nf3 d4 26. f5 Qh4 27. Rd2 Rxd2
28. Qxd2 Qxg4 29. Qg2 gxf5 30. Bc4 Re8 31. e6 d3 32. h3 Qxc4 33. Rg1 Bxf3 0-1

[Event "Petrov Memorial Rapid"]
[Site "Jurmala"]
[Date "2015.03.07"]
[Round "4"]
[White "Malakhov, Vladimir"]
[Black "Morozevich, Alexander"]
[Result "1-0"]
[ECO "A11"]
[WhiteElo "2706"]
[BlackElo "2711"]
[Annotator "Robot 8"]
[PlyCount "119"]
[EventDate "2015.??.??"]
[EventCountry "LAT"]
[TimeControl "900+6"]

1. Nf3 d5 2. g3 Nf6 3. Bg2 Nbd7 4. c4 c6 5. cxd5 cxd5 6. d4 e6 7. O-O b5 8. Bf4
Be7 9. Nbd2 Nh5 10. Be3 O-O 11. Ne5 Bb7 12. Qb3 a5 13. Rfc1 b4 14. Nc6 Bxc6 15.
Rxc6 a4 16. Qd3 Nb8 17. Rc2 Na6 18. b3 Qd7 19. Rac1 axb3 20. axb3 Nf6 21. Nf3
Qb7 22. Ne5 h6 23. Bf4 Bd6 24. Rc6 Bb8 25. e4 Nc7 26. Nd7 Nxd7 27. Bxc7 Nf6 28.
exd5 Nxd5 29. Bxd5 exd5 30. Bxb8 Qxb8 31. Qf5 Qd8 32. R6c5 g6 33. Qf3 Qg5 34.
Qxd5 Qxd5 35. Rxd5 Ra3 36. Rb1 Rb8 37. Rb2 Rb6 38. Kg2 h5 39. Rc5 Kg7 40. Kf3
Ra1 41. Rc4 Rd1 42. Ke2 Rh1 43. h4 f6 44. d5 g5 45. Rd2 Rd6 46. Rxb4 gxh4 47.
Rxh4 Rb1 48. Rd3 Kg6 49. Rc4 Kf5 50. Kf3 Rb2 51. Rf4+ Kg5 52. Ke3 f5 53. Kd4
Kf6 54. Kc5 Rd8 55. d6 Rc2+ 56. Kd5 Re2 57. Kc6 Rc2+ 58. Rc4 Rxf2 59. Kc7 Ra8
60. d7 1-0

[Event "Petrov Memorial Rapid"]
[Site "Jurmala"]
[Date "2015.03.07"]
[Round "5"]
[White "Morozevich, Alexander"]
[Black "Miezis, Normunds"]
[Result "1-0"]
[ECO "A60"]
[WhiteElo "2711"]
[BlackElo "2496"]
[Annotator "Robot 8"]
[PlyCount "83"]
[EventDate "2015.??.??"]
[EventCountry "LAT"]
[TimeControl "900+6"]

1. d4 Nf6 2. c4 c5 3. d5 e6 4. Nf3 exd5 5. cxd5 Bd6 6. Nc3 Bc7 7. d6 Ba5 8. g3
O-O 9. Bg2 Re8 10. O-O Bxc3 11. bxc3 Ne4 12. Qd3 Qf6 13. Bf4 Qe6 14. Nd2 Nxd2
15. Qxd2 Nc6 16. Rad1 Rb8 17. Bd5 Qg6 18. e4 Nd8 19. Bg5 b6 20. f4 Bb7 21. f5
Qh5 22. Bxb7 Nxb7 23. Be7 Na5 24. f6 Nc4 25. Qf4 g5 26. Qf2 h6 27. Rd5 Qg4 28.
Re1 Kh7 29. Rf5 Rg8 30. Kg2 Qh5 31. Rh1 Qg4 32. Re1 Qh5 33. h3 Qg6 34. Rh1 b5
35. h4 gxh4 36. Rxh4 b4 37. Rfh5 bxc3 38. Rxh6+ Qxh6 39. Qf5+ Rg6 40. Rxh6+
Kxh6 41. Qh3+ Kg5 42. Qh4# 1-0

[Event "Petrov Memorial Rapid"]
[Site "Jurmala"]
[Date "2015.03.07"]
[Round "5"]
[White "Heberla, Bartlomiej"]
[Black "Rapport, Richard"]
[Result "1/2-1/2"]
[ECO "B22"]
[WhiteElo "2567"]
[BlackElo "2709"]
[Annotator "Robot 8"]
[PlyCount "151"]
[EventDate "2015.??.??"]
[EventCountry "LAT"]
[TimeControl "900+6"]

1. e4 c5 2. Nf3 a6 3. c3 e6 4. d4 d5 5. exd5 exd5 6. Be2 cxd4 7. Nxd4 Bd6 8.
O-O Qc7 9. h3 Nf6 10. Be3 O-O 11. Nd2 Re8 12. Bf3 Nbd7 13. Re1 Nc5 14. Qc2 Nce4
15. a4 Bd7 16. a5 Rad8 17. N4b3 Bf5 18. Bxe4 Nxe4 19. Nxe4 Rxe4 20. Qd2 Qe7 21.
Bg5 f6 22. f3 fxg5 23. fxe4 Bxe4 24. Nd4 g4 25. hxg4 Qh4 26. Nf3 Qg3 27. Rxe4
dxe4 28. Qd5+ Kh8 29. Qxe4 Bc5+ 30. Nd4 Bd6 31. Nf3 Bc5+ 32. Nd4 Qc7 33. Re1 h6
34. Kh1 Bxd4 35. cxd4 Qxa5 36. Rd1 Qa4 37. Qd3 Qb4 38. g5 Qd6 39. gxh6 Qxh6+
40. Kg1 Re8 41. Qd2 Qb6 42. Qc3 Qh6 43. Qd2 Qh4 44. Qf2 Qg4 45. Qf3 Qxf3 46.
gxf3 Kg8 47. Kf2 Kf7 48. Rc1 Re7 49. Rc5 Kf6 50. Rc8 Re6 51. Rc2 Rb6 52. Ke3
Kf5 53. Rc5+ Ke6 54. Rc2 Kd5 55. Rc5+ Kd6 56. Rc2 Kd5 57. Rc5+ Ke6 58. Rc2 Kf5
59. Rc5+ Kf6 60. Rc2 a5 61. Ke4 a4 62. Rc4 Rxb2 63. Rxa4 Re2+ 64. Kd3 Re7 65.
Ra5 Rd7 66. Rb5 Ke6 67. Ke4 Kd6 68. d5 Re7+ 69. Kd4 Rf7 70. Ke4 Kc7 71. f4 b6
72. Rb1 Re7+ 73. Kd4 Rf7 74. Ke5 Re7+ 75. Kd4 Rf7 76. Ke4 1/2-1/2

[Event "Petrov Memorial Rapid"]
[Site "Jurmala"]
[Date "2015.03.07"]
[Round "5"]
[White "Sveshnikov, Evgeny"]
[Black "Fedoseev, Vladimir"]
[Result "1/2-1/2"]
[ECO "B14"]
[WhiteElo "2511"]
[BlackElo "2674"]
[Annotator "Robot 8"]
[PlyCount "110"]
[EventDate "2015.??.??"]
[EventCountry "LAT"]
[TimeControl "900+6"]

1. e4 c6 2. d4 d5 3. exd5 cxd5 4. Nf3 Nc6 5. c4 Nf6 6. Nc3 g6 7. cxd5 Nxd5 8.
Bc4 Nb6 9. Bb3 Bg7 10. d5 Na5 11. Be3 O-O 12. Bd4 Nxb3 13. Bxg7 Kxg7 14. axb3
e5 15. O-O Re8 16. Re1 f6 17. Qd3 Bf5 18. Qb5 Qd6 19. Nd2 Bd7 20. Qa5 f5 21.
Nc4 Nxc4 22. bxc4 Rec8 23. b3 a6 24. Na4 Bxa4 25. Rxa4 Rc5 26. Qb4 Rb8 27. Qa3
e4 28. Ra5 Rbc8 29. Rxc5 Rxc5 30. Qa1+ Kg8 31. Qd4 Rc7 32. f3 Qb4 33. Re3 exf3
34. gxf3 Re7 35. Kf2 Rxe3 36. Qxe3 Kf8 37. Qd4 Qxb3 38. d6 Qc2+ 39. Kg3 f4+ 40.
Qxf4+ Qf5 41. Qd4 Qg5+ 42. Kf2 Ke8 43. c5 Kd7 44. h4 Qd8 45. Qa4+ Kc8 46. Kg3
Qd7 47. Qd4 Qe8 48. Qg4+ Kb8 49. Qf4 Qe1+ 50. Kg4 Qg1+ 51. Kh3 Qh1+ 52. Kg3
Qe1+ 53. Kg4 Qg1+ 54. Kh3 Qh1+ 55. Kg3 Qe1+ 1/2-1/2

[Event "Petrov Memorial Rapid"]
[Site "Jurmala"]
[Date "2015.03.07"]
[Round "5"]
[White "Lysyj, Igor"]
[Black "Tregubov, Pavel V"]
[Result "1/2-1/2"]
[ECO "E10"]
[WhiteElo "2691"]
[BlackElo "2617"]
[Annotator "Robot 8"]
[PlyCount "75"]
[EventDate "2015.??.??"]
[EventCountry "LAT"]
[TimeControl "900+6"]

1. d4 Nf6 2. c4 Nc6 3. Nf3 e6 4. a3 d6 5. Nc3 g6 6. e4 Bg7 7. Be3 O-O 8. Bd3 e5
9. d5 Ne7 10. h3 Nh5 11. g3 f5 12. exf5 Nxf5 13. Bg5 Qe8 14. Ne4 h6 15. Bd2 Qf7
16. g4 Ne7 17. Nfg5 hxg5 18. gxh5 gxh5 19. Bxg5 Nf5 20. Rg1 Kh8 21. Qf3 Nd4 22.
Qxf7 Rxf7 23. Rg3 h4 24. Re3 Nf3+ 25. Ke2 Nxg5 26. Nxg5 Rf4 27. Re4 Bd7 28.
Rxf4 exf4 29. Rg1 Rf8 30. b3 Bh6 31. Nf3 Re8+ 32. Kd2 Rg8 33. Rxg8+ Kxg8 34.
Bf1 Bf5 35. Nxh4 f3+ 36. Kc3 Bg7+ 37. Kd2 Bh6+ 38. Kc3 1/2-1/2

[Event "Petrov Memorial Rapid"]
[Site "Jurmala"]
[Date "2015.03.07"]
[Round "5"]
[White "Sakaev, Konstantin"]
[Black "Gelfand, Boris"]
[Result "1/2-1/2"]
[ECO "D93"]
[WhiteElo "2594"]
[BlackElo "2747"]
[Annotator "Robot 8"]
[PlyCount "118"]
[EventDate "2015.??.??"]
[EventCountry "LAT"]
[TimeControl "900+6"]

1. d4 Nf6 2. c4 g6 3. Nc3 d5 4. Bf4 Bg7 5. e3 O-O 6. Nf3 Be6 7. Qb3 c5 8. Qxb7
Qb6 9. Qxb6 axb6 10. dxc5 bxc5 11. Ng5 Nc6 12. Nxe6 fxe6 13. Be2 d4 14. Nb5 e5
15. Bg3 e4 16. Nc7 Rab8 17. Nb5 Rb7 18. O-O d3 19. Bd1 Nh5 20. Bxh5 gxh5 21.
Rab1 Nb4 22. Nc3 Ra7 23. Nxe4 Rxa2 24. Nxc5 Rc8 25. Ne6 Bf6 26. h4 Rxc4 27.
Rfd1 Rxb2 28. Ra1 Rbc2 29. Nd4 Bxd4 30. exd4 Rxd4 31. f3 Na2 32. Be5 Rd5 33. f4
Kf7 34. Kf1 Ke6 35. Rab1 Kf5 36. Rb7 Ke6 37. Rb6+ Kf7 38. Rb3 d2 39. Rg3 Nc1
40. Rg7+ Kf8 41. Rxh7 Nd3 42. Rh8+ Kf7 43. Rh7+ Ke6 44. Rh6+ Kf5 45. Rxh5+ Ke4
46. Ke2 Nxf4+ 47. Bxf4 Rxh5 48. Bg5 e5 49. Rxd2 Rxd2+ 50. Kxd2 Rh8 51. Ke2 Ra8
52. Kf2 Kd3 53. h5 Rg8 54. Bc1 e4 55. h6 Rf8+ 56. Kg3 e3 57. Bxe3 Kxe3 58. Kg4
Ke4 59. Kg5 Ke5 1/2-1/2

[Event "Petrov Memorial Rapid"]
[Site "Jurmala"]
[Date "2015.03.07"]
[Round "5"]
[White "Socko, Monika"]
[Black "Naiditsch, Arkadij"]
[Result "1-0"]
[ECO "E11"]
[WhiteElo "2463"]
[BlackElo "2711"]
[Annotator "Robot 8"]
[PlyCount "93"]
[EventDate "2015.??.??"]
[EventCountry "LAT"]
[TimeControl "900+6"]

1. d4 Nf6 2. c4 e6 3. Nf3 Bb4+ 4. Bd2 c5 5. Bxb4 cxb4 6. a3 bxa3 7. Rxa3 O-O 8.
e3 b6 9. d5 a5 10. Nc3 Na6 11. Be2 Bb7 12. O-O Nc5 13. Qd4 Re8 14. Rd1 exd5 15.
cxd5 Nfe4 16. Bb5 Nxc3 17. Qxc3 Re4 18. Rd4 Rc8 19. Qd2 Qf6 20. Rc3 Rce8 21. h3
h6 22. Qc2 Qg6 23. Nh4 Qd6 24. Nf5 Qe5 25. Rxe4 Nxe4 26. Rc7 Nc5 27. Bxd7 Rd8
28. Rxb7 Nxb7 29. Qc6 Nc5 30. Bc8 Qb8 31. d6 g6 32. Qc7 Qxc7 33. dxc7 Rd1+ 34.
Kh2 Rc1 35. Ne7+ Kf8 36. Bg4 Nd3 37. c8=Q+ Rxc8 38. Nxc8 b5 39. Nd6 b4 40. b3
f5 41. Be2 Nc5 42. Bd1 a4 43. bxa4 b3 44. Nc4 Ke7 45. a5 Kd7 46. a6 Kc7 47. a7
1-0

[Event "Petrov Memorial Rapid"]
[Site "Jurmala"]
[Date "2015.03.07"]
[Round "5"]
[White "Mamedyarov, Shakhriyar"]
[Black "Karjakin, Sergey"]
[Result "1/2-1/2"]
[ECO "D27"]
[WhiteElo "2756"]
[BlackElo "2757"]
[Annotator "Robot 8"]
[PlyCount "23"]
[EventDate "2015.??.??"]
[EventCountry "LAT"]
[TimeControl "900+6"]

1. d4 d5 2. c4 dxc4 3. e3 Nf6 4. Bxc4 e6 5. Nf3 a6 6. O-O c5 7. dxc5 Bxc5 8.
Qxd8+ Kxd8 9. b3 Ke7 10. Bb2 b6 11. Nc3 Nbd7 12. Be2 1/2-1/2

[Event "Petrov Memorial Rapid"]
[Site "Jurmala"]
[Date "2015.03.07"]
[Round "5"]
[White "Ivanchuk, Vasil"]
[Black "Malakhov, Vladimir"]
[Result "1/2-1/2"]
[ECO "D10"]
[WhiteElo "2731"]
[BlackElo "2706"]
[Annotator "Robot 8"]
[PlyCount "80"]
[EventDate "2015.??.??"]
[EventCountry "LAT"]
[TimeControl "900+6"]

1. c4 Nf6 2. d4 c6 3. Bf4 d5 4. e3 e6 5. Nf3 Bd6 6. Bg3 Bxg3 7. hxg3 Nbd7 8.
Nc3 Qe7 9. Qc2 h6 10. O-O-O O-O 11. Rh4 e5 12. cxd5 cxd5 13. dxe5 Nxe5 14. Nxe5
Qxe5 15. Rhd4 Be6 16. Bd3 Rfc8 17. Kb1 Rc6 18. Qd2 Rac8 19. Ka1 a6 20. Qe1 b5
21. f3 Bf5 22. Bf1 Bg6 23. g4 Qe7 24. Bd3 Bxd3 25. R4xd3 Re6 26. Qd2 Re8 27.
Re1 b4 28. Nxd5 Nxd5 29. Rxd5 Rxe3 30. Rxe3 Qxe3 31. Qxe3 Rxe3 32. Kb1 Re2 33.
Ra5 Rxg2 34. Rxa6 f5 35. gxf5 h5 36. Ra8+ Kf7 37. Rh8 b3 38. axb3 Rg5 39. Kc2
Rxf5 40. Kd2 Rxf3 1/2-1/2

[Event "Petrov Memorial Rapid"]
[Site "Jurmala"]
[Date "2015.03.07"]
[Round "5"]
[White "Dobrov, Vladimir"]
[Black "Socko, Bartosz"]
[Result "1-0"]
[ECO "A14"]
[WhiteElo "2490"]
[BlackElo "2623"]
[Annotator "Robot 8"]
[PlyCount "67"]
[EventDate "2015.??.??"]
[EventCountry "LAT"]
[TimeControl "900+6"]

1. Nf3 Nf6 2. c4 e6 3. b3 b6 4. g3 Bb7 5. Bg2 c5 6. O-O Be7 7. Bb2 O-O 8. e3
Nc6 9. Nc3 d5 10. cxd5 exd5 11. d4 Rc8 12. Bh3 Rb8 13. Rc1 Ba6 14. Re1 Re8 15.
Ne5 Qd6 16. f4 Bf8 17. Bg2 Rbd8 18. Na4 Qe6 19. Nc3 h6 20. Qd2 cxd4 21. exd4
Nxd4 22. Na4 Nb5 23. Nc6 Qf5 24. Nxd8 Rxd8 25. Re5 Qg4 26. Qd1 Qd7 27. Qf1 Ng4
28. Rxd5 Qe8 29. Re1 Be7 30. Rxd8 Qxd8 31. Qe2 Bb4 32. Qe8+ Qxe8 33. Rxe8+ Kh7
34. Be4+ 1-0

[Event "Petrov Memorial Rapid"]
[Site "Jurmala"]
[Date "2015.03.08"]
[Round "7"]
[White "Morozevich, Alexander"]
[Black "Shomoev, Anton"]
[Result "0-1"]
[ECO "E14"]
[WhiteElo "2711"]
[BlackElo "2578"]
[Annotator "Robot 8"]
[PlyCount "144"]
[EventDate "2015.??.??"]
[EventCountry "LAT"]
[TimeControl "900+6"]

1. d4 d5 2. c4 e6 3. Nf3 Nf6 4. e3 b6 5. Nc3 Bb7 6. cxd5 exd5 7. Bb5+ c6 8. Bd3
Nbd7 9. O-O Bd6 10. b3 O-O 11. Bb2 Qe7 12. Ne2 Ne4 13. Rc1 f5 14. Rc2 Rf6 15.
Qa1 Re8 16. Ng3 Bxg3 17. fxg3 Nxg3 18. Re1 Ne4 19. a4 a5 20. Ba3 Qd8 21. Qb1
Qa8 22. Rec1 Ree6 23. b4 axb4 24. Qxb4 Ba6 25. Bxa6 Qxa6 26. Qb3 Qa8 27. Rxc6
Rxc6 28. Qxd5+ Kh8 29. Qxd7 Rxc1+ 30. Bxc1 h6 31. Bd2 Qc6 32. Qxc6 Rxc6 33. Be1
Rc4 34. a5 b5 35. d5 b4 36. Nd4 Rc1 37. Kf1 Ra1 38. Ke2 Rxa5 39. d6 Nc3+ 40.
Bxc3 bxc3 41. Kd3 Rd5 42. Kxc3 g6 43. Kd3 Rxd6 44. e4 fxe4+ 45. Kxe4 Kg7 46. g4
Kf6 47. h4 Ra6 48. Ke3 Ra3+ 49. Kf4 Ra4 50. g5+ Kf7 51. Ke5 h5 52. Kd5 Ra3 53.
Ke4 Rh3 54. Nf3 Ke6 55. Nd4+ Ke7 56. Nf3 Kd6 57. Kf4 Ke6 58. Nd4+ Kd5 59. Nf3
Rh1 60. Ke3 Ra1 61. Kf4 Ra4+ 62. Ke3 Rg4 63. Kd3 Re4 64. Kd2 Ke6 65. Kd3 Kf5
66. Nd4+ Ke5 67. Nf3+ Kf4 68. Nd2 Re3+ 69. Kd4 Re2 70. Nc4 Re4+ 71. Kd5 Rxc4
72. Kxc4 Kg4 0-1

[Event "Petrov Memorial Rapid"]
[Site "Jurmala"]
[Date "2015.03.08"]
[Round "7"]
[White "Sveshnikov, Evgeny"]
[Black "Naiditsch, Arkadij"]
[Result "0-1"]
[ECO "B06"]
[WhiteElo "2511"]
[BlackElo "2711"]
[Annotator "Robot 8"]
[PlyCount "142"]
[EventDate "2015.??.??"]
[EventCountry "LAT"]
[TimeControl "900+6"]

1. e4 g6 2. d4 Bg7 3. Nc3 d6 4. f4 c6 5. Be3 b5 6. Nf3 b4 7. Na4 Nd7 8. Bd3
Ngf6 9. Qd2 a5 10. h3 Ba6 11. c4 bxc3 12. Nxc3 Qb8 13. O-O O-O 14. Rf2 Qb7 15.
Rc1 Nb6 16. b3 Nfd7 17. f5 Bxd3 18. Qxd3 c5 19. dxc5 Nxc5 20. Bxc5 dxc5 21. e5
Rad8 22. Qb5 Qb8 23. fxg6 hxg6 24. Qxa5 Bh6 25. Re1 Rd3 26. Rfe2 Rc8 27. Ne4
Nd5 28. Neg5 Qb7 29. Rd2 Nf4 30. Rxd3 Nxd3 31. Rd1 Nxe5 32. Rd8+ Kg7 33. Rxc8
Qxc8 34. Qc3 f6 35. Nxe5 Bxg5 36. Nf3 Bf4 37. Qc4 Qf5 38. Kf2 Bd6 39. a4 Qb1
40. Qc3 Qa2+ 41. Kf1 Qb1+ 42. Kf2 g5 43. Nd2 Qd1 44. Nc4 Bh2 45. Qf3 Qc2+ 46.
Qe2 Bg3+ 47. Kf3 Qf5+ 48. Ke3 Bf4+ 49. Kf2 Be5+ 50. Ke1 Bc3+ 51. Nd2 e5 52. Kd1
Bd4 53. Qe4 Qf2 54. a5 Bc3 55. Qe2 Qg1+ 56. Kc2 Bxa5 57. Qb5 Bxd2 58. Qd7+ Kh6
59. Qxd2 e4 60. g4 e3 61. Qe2 Qg3 62. Kd3 Qxh3 63. Ke4 Kg6 64. Kd5 Qg3 65. Kxc5
Qf2 66. Qd3+ Kh6 67. Qd4 Qc2+ 68. Kb5 Qxb3+ 69. Kc5 Qf7 70. Qe4 Qc7+ 71. Kb5
Qe5+ {Qh1} 0-1

[Event "Petrov Memorial Rapid"]
[Site "Jurmala"]
[Date "2015.03.08"]
[Round "7"]
[White "Lysyj, Igor"]
[Black "Karjakin, Sergey"]
[Result "0-1"]
[ECO "E12"]
[WhiteElo "2691"]
[BlackElo "2757"]
[Annotator "Robot 8"]
[PlyCount "160"]
[EventDate "2015.??.??"]
[EventCountry "LAT"]
[TimeControl "900+6"]

1. d4 Nf6 2. c4 e6 3. Nf3 b6 4. a3 Bb7 5. Nc3 d5 6. Bg5 Be7 7. e3 O-O 8. Qc2 h6
9. Bxf6 Bxf6 10. cxd5 exd5 11. h4 c5 12. O-O-O cxd4 13. exd4 Qd6 14. Kb1 Nc6
15. g4 Qf4 16. Rh3 Rad8 17. g5 Be7 18. gxh6 Qxh6 19. Bd3 Bf6 20. Ne2 Rc8 21.
Qc1 Qxc1+ 22. Rxc1 Nd8 23. Rg1 Ne6 24. h5 Rce8 25. Rhg3 Bc8 26. Ka1 Kh8 27. Bb5
Re7 28. Bd3 Rd8 29. Rg4 a5 30. R4g3 Bd7 31. Rc1 Rb8 32. Ne5 Nxd4 33. Nxd7 Nb3+
34. Kb1 Nxc1 35. Nxb8 Nxd3 36. Nc3 Nf4 37. Rf3 Re1+ 38. Kc2 Ne6 39. Kd2 Bxc3+
40. bxc3 Ra1 41. Rxf7 Ra2+ 42. Kd1 Rxa3 43. Nd7 Rxc3 44. Nxb6 Rc6 45. Rb7 Nc5
46. Rb8+ Kh7 47. Ke2 Re6+ 48. Kf3 Rd6 49. Rc8 Ne6 50. Na4 d4 51. Nb2 Rd5 52.
Re8 Nc5 53. Ra8 Nd7 54. Nc4 Ne5+ 55. Nxe5 Rxe5 56. Rd8 Rxh5 57. Rxd4 Rh6 58.
Ra4 Ra6 59. Kf4 Kg6 60. Ke5 Ra8 61. Rg4+ Kh6 62. Ra4 Kg5 63. f3 g6 64. Rg4+ Kh5
65. Ra4 Rf8 66. Ke4 Rf5 67. Ra1 Kg5 68. Rg1+ Kf6 69. Rb1 Re5+ 70. Kf4 a4 71.
Ra1 Ra5 72. Ra3 Ra6 73. Ke4 g5 74. Ke3 Ke5 75. Kd3 Kf4 76. Ke2 Kg3 77. Kf1 Ra8
78. Ke2 Kg2 79. Ke1 Re8+ 80. Kd2 Kf2 {Ke1} 0-1

[Event "Petrov Memorial Rapid"]
[Site "Jurmala"]
[Date "2015.03.08"]
[Round "7"]
[White "Sakaev, Konstantin"]
[Black "Rapport, Richard"]
[Result "1-0"]
[ECO "E90"]
[WhiteElo "2594"]
[BlackElo "2709"]
[Annotator "Robot 8"]
[PlyCount "145"]
[EventDate "2015.??.??"]
[EventCountry "LAT"]
[TimeControl "900+6"]

1. d4 Nf6 2. c4 c5 3. d5 g6 4. Nc3 Bg7 5. e4 O-O 6. Nf3 d6 7. h3 e6 8. Bd3 Qe7
9. O-O e5 10. Bg5 h6 11. Be3 Nh7 12. Qd2 f5 13. exf5 gxf5 14. Bxh6 Rf6 15. Bxg7
Qxg7 16. Bc2 Nd7 17. Nh2 Nb6 18. b3 f4 19. Kh1 Kh8 20. Rg1 Rh6 21. Ne4 Bd7 22.
f3 Rf8 23. g3 Rxh3 24. gxf4 Qe7 25. Ng5 Nxg5 26. Rxg5 exf4 27. Rag1 Qe3 28. Qg2
Rg3 29. Rxg3 fxg3 30. Qxg3 Qh6 31. Qg6 Qxg6 32. Rxg6 Nc8 33. Kg2 Rg8 34. Rxg8+
Kxg8 35. Ng4 Kg7 36. Kg3 b5 37. Kf4 Nb6 38. Ne3 Kf6 39. Bd3 a6 40. Nd1 a5 41.
Nc3 bxc4 42. bxc4 Bc8 43. Ne4+ Ke7 44. Nd2 Ba6 45. Ke3 Kf6 46. f4 Ke7 47. a3
Kf6 48. Be2 Ke7 49. Bd3 Kf6 50. Bf1 Kf7 51. f5 Nd7 52. Nb3 a4 53. Nd2 Nf6 54.
Be2 Bc8 55. Kf4 Bd7 56. Bd1 Ke7 57. Nb1 Ng8 58. Kg5 Nf6 59. Nc3 Nh7+ 60. Kg6
Nf8+ 61. Kg5 Nh7+ 62. Kf4 Kf6 63. Ne4+ Ke7 64. Bc2 Nf6 65. Nc3 Nh5+ 66. Kg4
Nf6+ 67. Kg5 Kf7 68. Bxa4 Bxa4 69. Nxa4 Ne4+ 70. Kf4 Nd2 71. Nb6 Kf6 72. a4 Nb3
73. Nc8 1-0

[Event "Petrov Memorial Rapid"]
[Site "Jurmala"]
[Date "2015.03.08"]
[Round "7"]
[White "Socko, Monika"]
[Black "Fedoseev, Vladimir"]
[Result "1-0"]
[ECO "D92"]
[WhiteElo "2463"]
[BlackElo "2674"]
[Annotator "Robot 8"]
[PlyCount "105"]
[EventDate "2015.??.??"]
[EventCountry "LAT"]
[TimeControl "900+6"]

1. d4 Nf6 2. c4 g6 3. Nc3 d5 4. Nf3 Bg7 5. Bf4 O-O 6. Rc1 dxc4 7. e4 Bg4 8.
Bxc4 Nh5 9. Be3 Bxf3 10. gxf3 e6 11. O-O Nd7 12. Ne2 Bf6 13. Qd2 c6 14. Ng3 Ng7
15. Rfd1 Kh8 16. Bh6 Rg8 17. Bb3 Qe7 18. Be3 a6 19. Kg2 Rad8 20. Qa5 Bh4 21.
Qc7 Rb8 22. Bf4 Rgc8 23. Qd6 Qe8 24. Qb4 Be7 25. Qd2 Ra8 26. Bh6 Nf6 27. Be3
Rd8 28. Qa5 Rd7 29. Rd2 Qf8 30. a3 Rad8 31. Rcd1 Nge8 32. d5 cxd5 33. e5 Nh5
34. Nxh5 gxh5 35. Bb6 Qg7+ 36. Kh1 Bg5 37. Bxd8 Bxd8 38. Qa4 b5 39. Qxa6 Qxe5
40. Qc8 Nf6 41. Rg1 Qf4 42. Rd3 Qe5 43. Rc3 Qe2 44. Bd1 Qe5 45. Qa8 Ne8 46. Rc8
Qf6 47. Qc6 Qe7 48. a4 Nd6 49. Ra8 Rc7 50. Qb6 Nf5 51. axb5 Rd7 52. Qb8 Nd6 53.
b6 1-0

[Event "Petrov Memorial Rapid"]
[Site "Jurmala"]
[Date "2015.03.08"]
[Round "7"]
[White "Tregubov, Pavel V"]
[Black "Tomashevsky, Evgeny"]
[Result "0-1"]
[ECO "E11"]
[WhiteElo "2617"]
[BlackElo "2745"]
[Annotator "Robot 8"]
[PlyCount "114"]
[EventDate "2015.??.??"]
[EventCountry "LAT"]
[TimeControl "900+6"]

1. d4 Nf6 2. c4 e6 3. Nf3 Bb4+ 4. Bd2 Qe7 5. g3 Bxd2+ 6. Qxd2 Nc6 7. Nc3 d5 8.
Ne5 dxc4 9. Nxc6 bxc6 10. Bg2 O-O 11. O-O Rd8 12. Rfd1 Rb8 13. Qc2 Qb4 14. Na4
Qa5 15. a3 Ba6 16. Bxc6 Rd6 17. Bf3 Nd7 18. Nc3 h6 19. Rab1 Rdb6 20. d5 e5 21.
Ne4 f5 22. Nc3 e4 23. Bg2 Ne5 24. Qd2 Nf7 25. f3 Qc5+ 26. Kh1 exf3 27. Bxf3 Bb5
28. Bg2 Bd7 29. Rf1 Re8 30. Rf4 Nd6 31. Rc1 Qe3 32. Qxe3 Rxe3 33. Rc2 Re8 34.
e3 Rxe3 35. Kg1 g5 36. Rf1 Kg7 37. Kf2 Re5 38. Re1 Kf6 39. Rxe5 Kxe5 40. Re2+
Kf6 41. Ke3 Ke5 42. Kd2+ Kd4 43. Kc1 Rb8 44. Re7 Rd8 45. Kd2 a6 46. Rh7 f4 47.
gxf4 gxf4 48. Rxh6 Rg8 49. Bf3 Bg4 50. Ke2 Rb8 51. Nd1 Bf5 52. Rh4 Ke5 53. Kd2
Rb3 54. Bh5 Ne4+ 55. Kc1 f3 56. Bg4 Bxg4 57. Rxg4 f2 0-1

[Event "Petrov Memorial Rapid"]
[Site "Jurmala"]
[Date "2015.03.08"]
[Round "7"]
[White "Novikov, Stanislav"]
[Black "Malakhov, Vladimir"]
[Result "1/2-1/2"]
[ECO "C67"]
[WhiteElo "2550"]
[BlackElo "2706"]
[Annotator "Robot 8"]
[PlyCount "30"]
[EventDate "2015.??.??"]
[EventCountry "LAT"]
[TimeControl "900+6"]

1. e4 e5 2. Nf3 Nc6 3. Bb5 Nf6 4. O-O Nxe4 5. Re1 Nd6 6. Nxe5 Be7 7. Bf1 Nf5 8.
c3 Nxe5 9. Rxe5 d6 10. Re1 O-O 11. d4 d5 12. Bf4 Bd6 13. Qf3 Nh4 14. Qg3 Nf5
15. Qf3 Nh4 1/2-1/2

[Event "Petrov Memorial Rapid"]
[Site "Jurmala"]
[Date "2015.03.08"]
[Round "8"]
[White "Fedorov, Alexei"]
[Black "Morozevich, Alexander"]
[Result "1-0"]
[ECO "B44"]
[WhiteElo "2566"]
[BlackElo "2711"]
[Annotator "Robot 8"]
[PlyCount "116"]
[EventDate "2015.??.??"]
[EventCountry "LAT"]
[TimeControl "900+6"]

1. e4 c5 2. Ne2 Nc6 3. d4 cxd4 4. Nxd4 e6 5. Nb5 d6 6. c4 Nf6 7. N1c3 a6 8. Na3
Be7 9. Be2 O-O 10. O-O b6 11. Be3 Bb7 12. Qb3 Nd7 13. Qc2 Nc5 14. Rad1 Qc7 15.
Qd2 Rfd8 16. f4 Bf6 17. Bf3 Bxc3 18. Qxc3 Ne7 19. Bd4 f6 20. Qc2 e5 21. Be3
exf4 22. Bxf4 Ng6 23. Bg3 Ne5 24. Rd2 Ne6 25. Bf2 Ng5 26. Qb3 Nexf3+ 27. gxf3
Nh3+ 28. Kh1 Nxf2+ 29. Rdxf2 Kh8 30. Nc2 b5 31. Ne3 bxc4 32. Qxc4 Qb6 33. Nd5
Bxd5 34. Qxd5 Rac8 35. Rg2 Rc5 36. Qf7 Rc7 37. Qe6 Qd4 38. Rfg1 Qe5 39. Qb3 d5
40. exd5 Qxd5 41. Qxd5 Rxd5 42. Re2 Kg8 43. Kg2 Kf7 44. Kf2 g5 45. Rg4 h5 46.
Ra4 a5 47. b4 Rc4 48. Rxa5 Rxa5 49. bxa5 Ra4 50. Kg3 Kg6 51. Rb2 h4+ 52. Kg2
Rxa5 53. Rc2 Ra3 54. Rd2 Kf5 55. Rb2 Kf4 56. Rb4+ Ke5 57. Rb5+ Kd4 58. Rb2 Kc3
1-0

[Event "Petrov Memorial Rapid"]
[Site "Jurmala"]
[Date "2015.03.08"]
[Round "8"]
[White "Shomoev, Anton"]
[Black "Mamedyarov, Shakhriyar"]
[Result "0-1"]
[ECO "B09"]
[WhiteElo "2578"]
[BlackElo "2756"]
[Annotator "Robot 8"]
[PlyCount "74"]
[EventDate "2015.??.??"]
[EventCountry "LAT"]
[TimeControl "900+6"]

1. e4 d6 2. d4 Nf6 3. Nc3 g6 4. f4 Bg7 5. Nf3 c5 6. Bb5+ Bd7 7. e5 Nh5 8. Bxd7+
Nxd7 9. Be3 Nxf4 10. Bxf4 cxd4 11. Ne4 dxe5 12. Bg5 Qb6 13. O-O f5 14. Ng3 e4
15. Nh4 Bf6 16. Nhxf5 Bxg5 17. Ng7+ Kd8 18. Qg4 Be3+ 19. Kh1 Nf6 20. Ne6+ Ke8
21. Ng7+ Kd8 22. Ne6+ Kd7 23. Nc5+ Kd8 24. Rxf6 Qxc5 25. Nxe4 Qxc2 26. Rf7 Qc8
27. Qh4 Qe6 28. Raf1 Rc8 29. h3 h6 30. Rf8+ Rxf8 31. Rxf8+ Kd7 32. Rxc8 Kxc8
33. Nc5 Qf5 34. Qxe7 Qf1+ 35. Kh2 Bg1+ 36. Kg3 Qf2+ 37. Kg4 Qxg2+ 0-1